 Dungeon Crawl Stone Soup version 0.27-a0-1182-gee19b5822f (webtiles) character file.

Game seed: 2548015445672493391

457 EnegeticOcto the Sneak (level 7, -1/61 HPs)
             Began as a Kobold Abyssal Knight on May 18, 2021.
             Was a Priest of Lugonu.
             Slain by a gnoll
             ... wielding a +0 whip
              (6 damage)
             ... on level 5 of the Dungeon.
             The game lasted 00:08:46 (5165 turns).

EnegeticOcto the Sneak (Kobold Abyssal Knight)      Turns: 5165, Time: 00:08:47

Health: -1/61      AC: 23    Str:  8    XL:     7   Next: 27%
Magic:  8/8        EV:  3    Int: 13    God:    Lugonu [***...]
Gold:   247        SH:  0    Dex: 16    Spells: 6/6 levels left

rFire    . . .     SeeInvis .   a - +1 short sword
rCold    . . .     Faith    .   (shield restricted)
rNeg     + + +     Spirit   .   (armour currently unavailable)
rPois    +         Reflect  .   (helmet currently unavailable)
rElec    .         Harm     .   (cloak currently unavailable)
rCorr    .         Rampage  .   (gloves currently unavailable)
Will     +....     NoTele   +   (boots currently unavailable)
Stlth    +++++.....             (no amulet)
HPRegen  0.20/turn              (no ring)
MPRegen  0.11/turn              (no ring)

@: tree-form, very slightly contaminated, invisible
A: stationary, stasis, torment immunity, boosted hp, small, no large weapons,
nightstalker 3, strong-willed 1, weak 1
a: Renounce Religion, Depart the Abyss, Bend Space, Banish


You were on level 5 of the Dungeon.
You worshipped Lugonu.
Lugonu was most pleased with you.
You were a tree.
You visited 1 branch of the dungeon, and saw 5 of its levels.
You visited the Abyss 1 time.

You collected 247 gold pieces.

Inventory:

Hand Weapons
 a - a +1 short sword (weapon)
 e - a +0 spear
   (You found it on level 1 of the Dungeon)
Armour
 b - a +0 leather armour (melded)
 d - a +0 helmet (melded)
   (You found it on level 1 of the Dungeon)
Jewellery
 m - a ring of ice
   (You found it on level 3 of the Dungeon)
Scrolls
 f - a scroll of fog {!r}
 g - 2 scrolls of immolation
 i - a scroll of fear {unknown}
 k - a scroll of enchant weapon {unknown}
 n - a scroll of enchant armour {unknown}
 o - a scroll of noise {unknown}
 p - a scroll of blinking {unknown}
 s - a scroll of amnesia {unknown}
Potions
 c - 2 potions of might {@q3 !q}
 h - a potion of lignification {@q6}
 j - a potion of berserk rage
 l - a potion of flight {unknown}


   Skills:
 - Level 3.2 Fighting
 + Level 6.5 Short Blades
 - Level 0.7 Armour
 - Level 2.4 Dodging
 + Level 7.6 Stealth
 - Level 2.0 Invocations


You had 6 spell levels left.
You didn't know any spells.
Your spell library contained the following spells:

 Spells                   Type           Power      Damage    Failure   Level
 Freeze                   Ice            0%         1d3       30%         1
 Frozen Ramparts          Ice            0%         1d2       67%         3
 Ozocubu's Armour         Ice            0%         N/A       67%         3
 Hailstorm                Conj/Ice       0%         3d3       97%         4
 Metabolic Englaciation   Hex/Ice        0%         N/A       100%        5


Dungeon Overview and Level Annotations

Branches:
Dungeon (5/15)
 Temple: D:4-7

Altars:
Ru

Shops:
D:2 (

Annotations:
D:4 exclusion: ogre, Eustachio


Innate Abilities, Weirdness & Mutations

You are a tree.
Your roots penetrate the ground, keeping you stationary.
You cannot be teleported.
You are immune to unholy pain and torment.
Your maximum health is greatly increased.
Your equipment is partially melded.
You are small and have problems with some larger weapons.
You are completely attuned to the shadows.
You are strong-willed. (Will+)
You are weak. (Str -2)


Message History

Where to? (Enter - D:3 @ (x,y), ? - help)
There is a stone staircase leading down here.
You climb downwards.
There is a stone staircase leading up here.
(D) Dungeon
Where to? (Enter - D:3, ? - help)
There is a stone staircase leading down here.
You climb downwards.
Level annotation: exclusion: ogre, Eustachio
There is a stone staircase leading up here.
(D) Dungeon
Where to? (Enter - D:4, ? - help)
There is a stone staircase leading down here.
You climb downwards.
There is a stone staircase leading up here.
Things that are here:
a +0 club; a goblin skeleton You now have 247 gold pieces (gained 17).
s - a scroll labelled JOMU DIMUO
There is a shaft here.
A black bear comes into view.
You see here a metallic blue potion.
The helpless black bear fails to defend itself.
You spit the black bear like a pig!!!
You kill the black bear!
Lugonu accepts your kill.
You see here a black bear corpse.
t - a metallic blue potion An iguana comes into view.
The iguana hisses angrily.
The iguana bites you!
You hear a bark!
You hit the iguana but do no damage.
You hear a shout!
A hound comes into view.
The iguana closely misses you. The hound closely misses you.
You completely miss the hound. The iguana completely misses you.
The hound misses you.
You hit the hound.
The hound is moderately wounded.
The hound misses you. The iguana bites you!
You are too injured to fight recklessly!
You are too injured to fight recklessly!
The hound closely misses you.
You hit the hound but do no damage.
The hound is moderately wounded.
The hound bites you but does no damage.
You hit the hound.
The hound is heavily wounded.
The hound bites you.
You hit the hound but do no damage.
The hound is heavily wounded.
The hound bites you.
You barely miss the hound.
The hound is heavily wounded.
The hound bites you.
You hit the hound.
The hound is heavily wounded.
The hound completely misses you.
You hit the hound.
The hound is severely wounded.
The hound closely misses you. The hound bites you.
* * * LOW HITPOINT WARNING * * *
You hit the hound but do no damage.
The hound is severely wounded.
The hound closely misses you.
You hit the hound.
The hound is severely wounded.
The hound bites you.
* * * LOW HITPOINT WARNING * * *
You completely miss the hound.
The hound is severely wounded.
The hound closely misses you.
You completely miss the hound.
The hound is severely wounded.
The hound bites you.
* * * LOW HITPOINT WARNING * * *
You hit the hound.
The hound is almost dead.
The hound bites you but does no damage. The hound misses you.
You hit the hound but do no damage.
The hound is almost dead.
The hound bites you.
* * * LOW HITPOINT WARNING * * *
Really quaff the potion of lignification?
You turn into a tree.
Your +0 helmet melds into your body.
Your +0 leather armour melds into your body.
Your roots penetrate the ground.
The hound bites you but does no damage.
A gnoll comes into view. It is wielding a +0 whip.
It was a potion of magic.
Magic courses through your body. The hound barely misses you.
The gnoll barely misses you. The hound bites you but does no damage.
It was a potion of invisibility.
You fade into invisibility!
The hound bites you but does no damage. The gnoll hits you but does no damage.
You are very lightly contaminated with residual magic.
It was a potion of mutation.
You feel extremely strange.
You feel weaker.
You feel strong-willed. The hound bites you but does no damage.
The gnoll hits you with a +0 whip.
You die...

# #.<..# ##
#.#..# .## .#
#. ..# #.##
#.# ## ..#
.#.## #.# ##
#.# #.#.##
##.#.#
##.#.##
##.#l#
##.#.##
##g#h##
##.#^##
##.#♣##
##.#.##
##.#.##
##.#.###.#.##
##.#.#.#.##
##.#.#.##
##.#.## ##†##
###


You could see an iguana, a hound and a gnoll.

Vanquished Creatures
  Menkaure (D:4)
  A black bear (D:5)
  A hound (D:4)
  An iguana (D:4)
  Robin (D:4)
  7 adders
  A worm (D:4)
  4 dart slugs
  10 orcs
  4 bats (D:1)
  6 endoplasms
  2 giant cockroaches
  19 goblins
  10 hobgoblins
  10 jackals
  6 quokkas
  3 ball pythons
  5 frilled lizards
  4 kobolds
  4 rats
100 creatures vanquished.

Notes
Turn   | Place    | Note
-------+----------+-------------------------------------------
     0 | Abyss:1  | EnegeticOcto the Kobold Abyssal Knight began the quest for
                  | the Orb.
     0 | Abyss:1  | Reached XP level 1. HP: 14/14 MP: 2/2
    75 | Abyss:1  | Noticed a large abomination
    77 | D:1      | Escaped the Abyss
   160 | D:1      | Reached skill level 1 in Stealth
   421 | D:1      | Reached skill level 2 in Stealth
   421 | D:1      | Reached XP level 2. HP: 19/19 MP: 3/3
   520 | D:1      | Found a faded altar of an unknown god.
   630 | D:1      | Reached * piety under Lugonu
   725 | D:1      | Reached skill level 3 in Stealth
  1105 | D:1      | Reached XP level 3. HP: 23/23 MP: 4/4
  1184 | D:1      | Reached skill level 4 in Stealth
  1406 | D:2      | Found Zecyss's Weapon Shoppe.
  1733 | D:2      | Reached skill level 3 in Short Blades
  1752 | D:2      | Reached ** piety under Lugonu
  2127 | D:3      | Reached XP level 4. HP: 21/28 MP: 5/5
  2782 | D:3      | Reached skill level 5 in Stealth
  2954 | D:3      | Reached skill level 4 in Short Blades
  2954 | D:3      | Reached XP level 5. HP: 32/32 MP: 6/6
  3262 | D:4      | Noticed Menkaure
  3264 | D:4      | Killed Menkaure
  3265 | D:4      | Reached skill level 5 in Short Blades
  3265 | D:4      | Reached skill level 6 in Stealth
  3265 | D:4      | Reached XP level 6. HP: 37/37 MP: 7/7
  3320 | D:4      | Noticed Robin
  3333 | D:5      | Entered Level 5 of the Dungeon
  3337 | D:5      | Reached *** piety under Lugonu
  3409 | D:5      | Noticed a water moccasin
  4121 | D:4      | Reached skill level 7 in Stealth
  4247 | D:4      | Noticed Eustachio
  4375 | D:4      | Found a sacrificial altar of Ru.
  4419 | D:4      | Killed Robin
  4450 | D:4      | Reached skill level 6 in Short Blades
  4732 | D:4      | Noticed an ogre
  5040 | D:2      | Reached XP level 7. HP: 39/41 MP: 8/8
  5165 | D:5      | Gained mutation: You are weak. (Str -2) [potion of
                  | mutation]
  5165 | D:5      | Gained mutation: You are strong-willed. (Will+) [potion of
                  | mutation]
  5165 | D:5      | Slain by a gnoll

Illustrated notes

Levels and vault maps discovered:
D:1:      dpeg_arrival_subterranean_lakeside_camping, layout_basic,
          hellmonk_ecumenical_altar_run_dry, grunt_decor_resistance
D:2:      layout_loops_ring, serial_shops, shop
D:3:      layout_rooms, ebering_dispersal_statue_hall
D:4:      layout_cave_pools, kennysheep_mini_moat, grunt_ministairs_12,
          uniq_robin, uniq_menkaure, uniq_eustachio
D:5:      minmay_inner_zag, layout_basic, jmf_multi_god_temple,
          hangedman_decor_slide_cut

Skill      XL: |  1  2  3  4  5  6 |
---------------+-------------------+-----
Stealth        | 2 3 4 5 6 7 |  7.6
Short Blades   | 3 4 5 6 |  6.5
Fighting       | |  3.2
Armour         | |  0.7
Dodging        | |  2.4
Invocations    | |  2.0

Action                   |  1- 3 |  4- 6 |  7- 9 || total
-------------------------+-------+-------+-------++-------
Melee: Short sword       |   113 |   258 |    16 ||   387
       Unarmed           |       |     5 |       ||     5
Invok: Depart the Abyss  |     1 |       |       ||     1
  Use: Scroll            |     4 |     1 |       ||     5
       Potion            |       |     1 |     4 ||     5
 Stab: Sleeping          |    15 |    18 |     1 ||    34
       Distracted        |     1 |     2 |       ||     3
Armor: Leather armour    |    22 |    28 |     2 ||    52
       Skin              |       |     4 |     5 ||     9
Dodge: Dodged            |    74 |   162 |    13 ||   249

Table legend: (Time is in decaauts)
 A = Elapsed time spent in this place.
 B = Non-inter-level travel time spent in this place.
 C = Inter-level travel time spent in this place.
 D = Time resting spent in this place.
 E = Time spent auto-exploring this place.
 F = Levels seen in this place.
 G = Mean time per level.
                   A        B        C        D        E       F      G
               +--------+--------+--------+--------+--------+-----+--------+
         Total |   5125 |   4996 |    129 |    555 |   3464 |   6 |  854.2 |
       Dungeon |   5048 |   4919 |    129 |    555 |   3464 |   5 | 1009.6 |
         Abyss |     77 |     77 |      0 |      0 |      0 |   1 |   77.0 |
               +--------+--------+--------+--------+--------+-----+--------+

Top non-repeatable levels by time:
     D:4: 1603 daAuts
     D:1: 1279 daAuts
     D:3: 1209 daAuts
     D:2: 796 daAuts
     D:5: 159 daAuts
 Abyss:1: 77 daAuts
